 Dungeon Crawl Stone Soup version 0.20-a0-351-gc9b4002 (webtiles) character file.

7632 Duffy the Cleaver (level 11, -9/86 HPs)
             Began as a Formicid Wanderer on Dec 25, 2016.
             Was an Elder of Cheibriados.
             Killed from afar by a deep elf mage (28 damage)
             ... with a bolt of magma
             ... on level 10 of the Dungeon.
             The game lasted 00:14:48 (9860 turns).

Duffy the Cleaver (Formicid Wanderer)               Turns: 9860, Time: 00:14:49

Health: -9/86      AC: 18    Str: 32    XL:     11   Next: 40%
Magic:  12/12      EV:  8    Int: 22    God:    Cheibriados [****..]
Gold:   549        SH: 13    Dex: 18    Spells: 10/10 levels left

rFire  + . .     SeeInvis +     a - +0 broad axe
rCold  + . .     Gourm    .     C - +0 plate armour
rNeg   . . .     Faith    .     k - +0 shield
rPois  +         Spirit   .     (helmet unavailable)
rElec  +         Reflect  .     y - +0 cloak
rCorr  +         Harm     .     A - +0 pair of gloves
MR     +....                    j - +0 pair of boots
Stlth  ..........               (no amulet)
                                (no ring)
                                v - ring of flight

@: resistant, drained, very slow
A: permanent stasis, dig shafts and tunnels, four strong arms, antennae 3
a: Dig, Shaft Self, Bend Time, Temporal Distortion, Slouch, Renounce Religion,
Evoke Flight


You were on level 10 of the Dungeon.
You worshipped Cheibriados.
Cheibriados was greatly pleased with you.
You were not hungry.

You visited 1 branch of the dungeon, and saw 10 of its levels.
You also visited: Sewer.

You collected 549 gold pieces.

Inventory:

Hand Weapons
 a - a +0 broad axe (weapon)
 b - a +0 hand crossbow
 o - a +0 blowgun
 H - a +2 whip of draining
Missiles
 d - 53 bolts
 l - 6 javelins of penetration (quivered)
 E - 4 curare-tipped needles
Armour
 j - a +0 pair of boots (worn)
 k - a +0 shield (worn)
 y - a +0 cloak (worn)
 A - a +0 pair of gloves (worn)
 C - a +0 plate armour (worn)
Jewellery
 v - a ring of flight (left hand)
Wands
 n - a wand of digging (11/24)
 p - a wand of lightning (9/15)
 t - a wand of flame (0/48)
 I - a wand of iceblast (8/15)
Scrolls
 m - 3 scrolls of enchant armour
 r - 3 scrolls of recharging
 s - a scroll of fear
 w - 3 scrolls of fog
 G - a scroll of remove curse
Potions
 c - a potion of cure mutation {unknown}
 e - a potion of cancellation {unknown}
 g - 2 potions of magic
 i - a potion of invisibility {unknown}
 u - 4 potions of curing
 x - a potion of resistance
 z - 2 potions of might
 B - 5 potions of flight
 D - a potion of lignification {unknown}
Comestibles
 f - 4 bread rations
 h - a slice of pizza
 q - 5 meat rations
 F - 9 chunks of flesh


   Skills:
 - Level 7.8(7.7) Fighting
 + Level 10.9(10.8) Axes
 - Level 2.0(1.9) Crossbows
 - Level 9.0(8.9) Armour
 - Level 1.2(1.1) Stealth
 - Level 9.0(8.8) Shields
 + Level 2.2(2.1) Invocations


You had 10 spell levels left.
You didn't know any spells.

Dungeon Overview and Level Annotations

Branches:
Dungeon (10/15)            Temple (0/1) D:5             Orc (0/2) D:10
   Lair: D:8-11

Altars:
Cheibriados
Qazlal
Uskayaw
The Shining One

Annotations:
D:7 azzavlup's ghost, novice DrTm


Innate Abilities, Weirdness & Mutations

You cannot be hasted, slowed, berserked, paralysed or teleported.
You can dig through walls and to a lower floor.
Your four strong arms can wield two-handed weapons with a shield.
You have a pair of large antennae on your head. (SInv)


Message History

The deep elf mage is lightly wounded.
You block the deep elf mage's attack.
You slice the deep elf mage!!
The deep elf mage is severely wounded.
The deep elf mage points at you and mumbles some strange words.
The bolt of magma hits you!
You are too injured to fight recklessly!
You slash the deep elf mage!
The deep elf mage is severely wounded.
The deep elf mage gestures at you while chanting.
The bolt of magma hits you!
Your plate armour prevents you from hitting the deep elf mage.
The deep elf mage is severely wounded.
You hit the earth elemental but do no damage.
The deep elf mage gestures wildly while chanting.
You block the earth elemental's attack.
You feel protected.
The deep elf mage gestures at you while chanting.
The bolt of magma hits you! You partially resist.
You die...

#.....( #...... ##+##
.##.....( #....
.......))
#....###########.....(
#..............#....)(
#...E.....(....#......
#....EE........#......
#....@e........#......
#....##.....##.#......
#.... #.....##.######.
#.... #.............#.
.'...................#.
..#.....e.............#.
. #...................#.
#...................#.
..................#.


You could see 3 earth elementals and a deep elf mage.

Vanquished Creatures
  3 two-headed ogres (D:8)
  A kobold demonologist (D:8)
  A komodo dragon (D:9)
  Prince Ribbit (D:9)
  The ghost of Protee the Cutter, an amateur DsEn (D:3)
  A hippogriff (D:10)
  Sigmund (D:6)
  3 wyverns
  A water moccasin (D:8)
  Duvessa (D:4)
  An orc warrior (D:9)
  2 ice beasts (D:6)
  2 phantoms
  A necrophage (D:6)
  3 sky beasts
  3 ogres
  A black bear (D:8)
  3 centaurs
  Blork the orc (D:4)
  5 big kobolds
  A gnoll sergeant (D:8)
  3 bullfrogs
  Dowan (D:5)
  3 scorpions
  A killer bee (D:9)
  6 howler monkeys
  2 crimson imps (D:7)
  A quasit (D:9)
  7 orc priests
  5 hounds
  2 jellies
  A bullfrog skeleton (D:7)
  A gnoll shaman (D:8)
  5 iguanas
  4 orc wizards
  Natasha (thrice) (D:4)
  6 worker ants
  A hound zombie (D:8)
  A worker ant zombie (D:8)
  11 gnolls (D:8)
  A howler monkey skeleton (D:4)
  5 adders
  2 oozes
  An adder skeleton (D:9)
  3 worms
  3 dart slugs
  6 leopard geckos
  18 orcs
  5 giant cockroaches
  9 goblins
  7 hobgoblins
  8 jackals
  24 kobolds
  3 quokkas
  2 ball pythons
  6 bats
  6 frilled lizards
  3 quokka skeletons
  8 rats
221 creatures vanquished.

Notes
Turn   | Place    | Note
-------+----------+-------------------------------------------
     0 | D:1      | Duffy the Formicid Wanderer began the quest for the Orb.
     0 | D:1      | Duffy set off with: a +0 shield, a +0 ring mail, a +0 hand crossbow, 25 bolts, a bread ration
     0 | D:1      | Reached XP level 1. HP: 16/16 MP: 1/1
   140 | D:1      | Reached skill level 2 in Shields
   158 | D:1      | Reached XP level 2. HP: 12/22 MP: 2/2
   705 | D:2      | Reached skill level 3 in Shields
   771 | D:2      | Reached XP level 3. HP: 27/27 MP: 3/3
  1335 | D:2      | Reached skill level 4 in Shields
  1435 | D:3      | Reached XP level 4. HP: 31/33 MP: 4/4
  1659 | D:3      | Noticed Protee's ghost (amateur DsEn)
  1706 | D:3      | Reached skill level 5 in Shields
  1924 | D:3      | Killed Protee's ghost
  1924 | D:3      | Reached skill level 7 in Shields
  1924 | D:3      | Reached XP level 5. HP: 34/38 MP: 5/5
  1924 | D:3      | Reached XP level 6. HP: 40/44 MP: 6/6
  2554 | D:4      | Noticed Blork the orc
  2569 | D:4      | Killed Blork the orc
  2569 | D:4      | Reached skill level 8 in Shields
  2569 | D:4      | Reached XP level 7. HP: 18/50 MP: 7/7
  2681 | D:4      | Found a glowing drain.
  2723 | Sewer    | Entered a sewer
  2987 | Sewer    | Found a glowing silver altar of Zin.
  3154 | D:4      | Noticed Natasha
  3172 | D:4      | Killed Natasha
  3172 | D:4      | Reached skill level 9 in Shields
  3592 | D:4      | Reached skill level 3 in Armour
  3787 | D:4      | Found a snail-covered altar of Cheibriados.
  3796 | D:4      | Became a worshipper of Cheibriados the Contemplative
  3844 | D:4      | Reached skill level 3 in Axes
  3844 | D:4      | Reached XP level 8. HP: 56/56 MP: 8/8
  4090 | D:4      | Noticed Natasha
  4092 | D:4      | Killed Natasha
  4124 | D:4      | Noticed Natasha
  4137 | D:4      | Killed Natasha
  4201 | D:5      | Entered Level 5 of the Dungeon
  4227 | D:5      | Noticed Dowan
  4230 | D:5      | Noticed Duvessa
  4279 | D:5      | Killed Dowan
  4471 | D:4      | Killed Duvessa
  4471 | D:4      | Reached skill level 4 in Armour
  4538 | D:5      | Found a staircase to the Ecumenical Temple.
  4646 | D:5      | Reached skill level 4 in Axes
  4742 | D:5      | Found a stormy altar of Qazlal.
  5216 | D:6      | Reached skill level 5 in Armour
  5389 | D:6      | Reached skill level 5 in Axes
  5398 | D:6      | Reached * piety under Cheibriados
  5527 | D:6      | Reached XP level 9. HP: 48/61 MP: 9/9
  5644 | D:6      | Noticed Sigmund
  5667 | D:6      | Killed Sigmund
  5667 | D:6      | Reached skill level 6 in Armour
  5779 | D:6      | Reached skill level 6 in Axes
  5949 | D:6      | Reached skill level 7 in Armour
  6165 | D:7      | Noticed azzavlup's ghost (novice DrTm)
  6499 | D:8      | Reached skill level 7 in Axes
  6743 | D:8      | Noticed a two-headed ogre
  6762 | D:8      | Killed a two-headed ogre
  6762 | D:8      | Reached skill level 8 in Armour
  6762 | D:8      | Reached XP level 10. HP: 5/67 MP: 10/10
  7079 | D:8      | Reached skill level 8 in Axes
  7150 | D:8      | Reached skill level 9 in Armour
  7250 | D:8      | Reached ** piety under Cheibriados
  7317 | D:7      | Reached skill level 3 in Fighting
  7527 | D:8      | Reached skill level 9 in Axes
  7532 | D:8      | Reached skill level 4 in Fighting
  7648 | D:8      | Found a hide-covered altar of Uskayaw.
  7648 | D:8      | Found a glowing golden altar of the Shining One.
  7870 | D:7      | Reached *** piety under Cheibriados
  7989 | D:8      | Noticed a two-headed ogre
  8006 | D:8      | Killed a two-headed ogre
  8006 | D:8      | Reached skill level 5 in Fighting
  8245 | D:8      | Noticed a two-headed ogre
  8252 | D:8      | Killed a two-headed ogre
  8252 | D:8      | Reached skill level 6 in Fighting
  8252 | D:8      | Reached skill level 10 in Axes
  8252 | D:8      | Reached XP level 11. HP: 69/83 MP: 11/11
  8355 | D:8      | Noticed a sixfirhy
  8388 | D:8      | Reached skill level 7 in Fighting
  8945 | D:9      | Noticed Prince Ribbit
  8958 | D:9      | Killed Prince Ribbit
  8958 | D:9      | Reached **** piety under Cheibriados
  9525 | D:10     | Entered Level 10 of the Dungeon
  9639 | D:10     | Reached skill level 1 in Invocations
  9793 | D:10     | Found a staircase to the Orcish Mines.
  9847 | D:10     | Noticed a deep elf mage
  9855 | D:10     | Reached skill level 2 in Invocations
  9860 | D:10     | Killed from afar by a deep elf mage

Vault maps used:
D:1:      dpeg_arrival_ternary, hangedman_abyss_or_decor_stabs
D:2:      first_bread
D:4:      gup_sewer_entry_pipe, kennysheep_slug_shrine, uniq_natasha,
          uniq_blork_the_orc
D:5:      lemuel_coloured_pillars_altar, nrook_mini_backslash, uniq_duvessa
D:6:      kb_forest_paths, uniq_sigmund
D:7:      serial_shops, nicolae_shop_crystal, fedhas_altar_2, uniq_joseph
D:8:      gammafunk_temple_overflow_elements
D:9:      uniq_prince_ribbit1
D:10:     david_orc_3
Sewer:    sewer_kobolds

Skill      XL: |  1  2  3  4  5  6  7  8  9 10 11 |
---------------+----------------------------------+-----
Shields        | 2 3 4 7 8 9 |  9.0
Armour         | 3 5 8 9 |  9.0
Axes           | 3 5 7 10 | 10.9
Fighting       | 6 7 |  7.8
Invocations    | 2 |  2.2
Crossbows      | |  2.0
Stealth        | |  1.2

Action                   |  1- 3 |  4- 6 |  7- 9 | 10-12 || total
-------------------------+-------+-------+-------+-------++-------
Melee: Hand axe          |    81 |    99 |       |       ||   180
       War axe           |       |       |   176 |       ||   176
       Broad axe         |       |       |   166 |   350 ||   516
 Fire: Hand crossbow     |    37 |    38 |    90 |     1 ||   166
 Abil: Dig               |       |     1 |     8 |    10 ||    19
Evoke: Wand              |       |       |       |     4 ||     4
  Use: Scroll            |     3 |     2 |    12 |     3 ||    20
       Potion            |       |       |     2 |     2 ||     4
  Eat: Chunk             |     2 |     4 |    11 |     7 ||    24
       Royal jelly       |       |       |     1 |       ||     1
Armor: Ring mail         |     3 |       |       |       ||     3
       Scale mail        |    46 |    58 |    29 |       ||   133
       Plate armour      |       |       |   160 |   168 ||   328
Dodge: Dodged            |    36 |    42 |    71 |    96 ||   245
Block: Shield            |    42 |    79 |   236 |   277 ||   634
